 Dungeon Crawl Stone Soup version 0.29-a0-214-g17f627cfee (webtiles) character file.

Game seed: 3623041098217162226

495 spaghetti the Digger (level 7, -4/50 (55) HPs)
             Began as a Naga Earth Elementalist on Feb 24, 2022.
             Was a Priest of Lugonu.
             Slain by a wight
             ... wielding a +0 halberd
              (9 damage)
             ... on level 7 of the Dungeon.
             The game lasted 00:06:44 (5484 turns).

spaghetti the Digger (Naga Earth Elementalist)      Turns: 5484, Time: 00:06:44

HP:   -4/50 (55)    AC:  9    Str: 12 (13) XL:     7   Next: 15%
MP:   8/10          EV:  8    Int: 12 (15) God:    Lugonu [***...]
Gold: 248           SH:  5    Dex:  8 (11) Spells: 6/10 levels left

rFire   + . .      SeeInvis +   h - +2 short sword (venom) {short}
rCold   + . .      Faith    .   (no shield)
rNeg    . . .      Spirit   .   y - +3 ring mail
rPois   +          Reflect  +   (no helmet)
rElec   +          Harm     .   (no cloak)
rCorr   +          Rampage  .   n - +1 pair of gloves
Will    .....                   (no barding)
Stlth   +.........              u - amulet of reflection
HPRegen 0.16/turn               (no ring)
MPRegen 0.12/turn               (no ring)

@: mighty, about to teleport, resistant, drained, very slow
A: AC +2, large, see invisible, deformed body, poison resistance, slowness 2,
spit poison 1, naga tail 1
a: Spit Poison, Renounce Religion, Depart the Abyss, Bend Space, Banish


You were on level 7 of the Dungeon.
You worshipped Lugonu.
Lugonu was most pleased with you.
You visited 1 branch of the dungeon, and saw 6 of its levels.

You collected 248 gold pieces.


Innate Abilities, Weirdness & Mutations

Your serpentine skin is tough. (AC +2)
You have supernaturally acute eyesight. (SInv)
Armour fits poorly on your strangely shaped body.
Your system is resistant to poisons. (rPois)
You cover ground very slowly.
You can spit poison.
You have a snake-like lower body.


   Skills:
 - Level 1.5 Dodging
 - Level 3.0 Stealth
 - Level 2.0 Spellcasting
 + Level 1.0 Conjurations
 - Level 1.0 Transmutations
 + Level 7.4 Earth Magic
 + Level 2.2 Invocations


You had 6 spell levels left.
You knew the following spells:

 Your Spells              Type           Power      Damage    Failure   Level
a - Sandblast             Erth           38%        2d10      3%          1
b - Stone Arrow           Conj/Erth      22%        3d8       32%         3

Your spell library contained the following spells:

 Spells                   Type           Power      Damage    Failure   Level
 Passwall                 Tmut/Erth      9%         N/A       17%         2
 Blink                    Tloc           2%         N/A       67%         2
 Petrify                  Tmut/Erth      11%        N/A       73%         4
 Gell's Gravitas          Tloc           1%         N/A       88%         3
 Lesser Beckoning         Tloc           1%         N/A       88%         3
 Teleport Other           Tloc           1%         N/A       88%         3
 Manifold Assault         Tloc           1%         N/A       100%        5

Inventory:

Hand Weapons
 c - a +0 dagger {short}
   (You found it on level 1 of the Dungeon)
 e - a +0 short sword {short}
   (You took it off a kobold on level 1 of the Dungeon)
 g - a +0 short sword {short}
   (You found it on level 1 of the Dungeon)
 h - a +2 short sword of venom (weapon) {short}
   (You found it on level 1 of the Dungeon)
 i - a +0 spear {polearm}
   (You found it on level 1 of the Dungeon)
Missiles
 a - 263 stones {throwing}
 d - 11 poisoned darts {throwing}
 m - 3 javelins {throwing}
Armour
 b - a +0 robe
 n - a +1 pair of gloves (worn)
   (You found it on level 3 of the Dungeon)
 t - the +2 leather armour "Udyulioh" {Harm rElec}
   (You found it on level 4 of the Dungeon)

   rElec:     It insulates you from electricity.
   Harm:      It increases damage dealt and taken.
 y - a +3 ring mail (worn)
   (You found it on level 5 of the Dungeon)
Jewellery
 f - a ring of ice
   (You found it on level 1 of the Dungeon)
 u - an amulet of reflection (around neck)
   (You found it on level 4 of the Dungeon)
 v - a ring of see invisible
   (You found it on level 4 of the Dungeon)
Scrolls
 r - a scroll of identify {@r1}
 s - a scroll of enchant armour
Potions
 j - a potion of degeneration {!q@e2}
 k - 2 potions of curing {@q1}
 l - a potion of flight
 p - a potion of resistance
 x - a potion of brilliance {unknown}

Dungeon Overview and Level Annotations

Branches:
Dungeon (5/15)             Temple (0/1) D:5

Altars:
Uskayaw
Vehumet
The Shining One
Lugonu

Shops:
D:1

! #### ### ...#
>.# .(.# > ..
...# .. ####
.#...#..#
....###nz...###
##....@5z.....
#....).zāŒ .....
#....)........
#.....###.....###
###.# +#...#+ #
...# ...# ...#
####


You could see a necrophage, 3 wights and a shadow imp.


Message History

Your magical contamination has completely faded away. šŸ˜• HP[+1] MP[+1]
You start resting.
Your extra speed is starting to run out.
You feel yourself slow down.
You are starting to lose your buoyancy.
You float gracefully downwards. šŸ˜Ž HP[+6] MP[+3]
Your hp is fully restored (55).
You regained 3 mp, and now have 4/10 mp.
Unknown command.
The shadow imp shouts, "Quit, thou loggerheaded rump-fed whey-face!"
A wight comes into view. It is wielding a +0 halberd.
Things that are here:
a +0 great sword {long}; a +0 robe; šŸ˜Ž MP[+6]
Your mp is fully restored (10).
There are monsters nearby!
There are monsters nearby!
There are monsters nearby!
There are monsters nearby! 2 wights and a necrophage come into view.
A wight is wielding a +3 flail of freezing.
Found a stone staircase leading down.
The shadow imp gestures at you.
Pain shoots through your body! šŸ˜• HP[-11]
You take 11 damage, and now have 44/55 hp.
Found a stone staircase leading down.
You hit the necrophage.
The necrophage hits you but does no damage.
You barely miss the necrophage. The necrophage misses you.
You barely miss the necrophage.
The necrophage hits you but does no damage.
The shadow imp hits you. šŸ˜• HP[-2]
You take 2 damage, and now have 42/55 hp.
You closely miss the necrophage. The necrophage hits you.
The wight hits you from afar with a +0 halberd.
You feel drained.
The wight hits you with a +3 flail of freezing.
You feel drained. The wight freezes you.
The shadow imp barely misses you. šŸ˜® HP[-6]
You now have 52 max hp (-3).
You take 6 damage, and now have 36/52 hp.
Aiming: Sandblast (safe; 3% risk of failure)
Press: ? - help, Q - select action, (/) - cycle Shift-Dir - straight line, f - necrophage
Aim: a necrophage (lightly damaged, 79% to hit)
The blast of sand hits the necrophage!
The necrophage barely misses you. You block the wight's attack.
The wight hits you but does no damage. You block the wight's attack.
The shadow imp gestures at you.
You resist with significant effort. šŸ˜® MP[-1]
You lost 1 mp, and now have 9/10 mp.
Aiming: Sandblast (safe; 3% risk of failure)
Press: ? - help, Q - select action, (/) - cycle Shift-Dir - straight line, f/p - necrophage
Aim: a necrophage (moderately damaged, 79% to hit)
The blast of sand hits the necrophage!
The necrophage hits you.
You feel drained.
The wight hits you from afar with a +0 halberd!
* * * LOW HITPOINT WARNING * * *
The wight hits you with a +3 flail of freezing!
* * * LOW HITPOINT WARNING * * *
The wight freezes you.
* * * LOW HITPOINT WARNING * * *
The wight closely misses you.
The shadow imp hits you but does no damage. šŸ˜± HP[-27] MP[-1]
You now have 51 max hp (-1).
You take 27 damage, and now have 9/51 hp.
MASSIVE DAMAGE!! (PAUSE)
You lost 1 mp, and now have 8/10 mp.
As you read the scroll of teleportation {@r4}, it crumbles to dust.
You feel strangely unstable. The necrophage barely misses you.
You block the wight's attack.
The wight hits you with a +3 flail of freezing.
* * * LOW HITPOINT WARNING * * *
The wight freezes you.
* * * LOW HITPOINT WARNING * * *
The wight closely misses you.
The shadow imp hits you but does no damage. šŸ˜± HP[-2]
You take 2 damage, and now have 7/51 hp.
It was a potion of resistance.
You feel protected. The necrophage barely misses you.
The wight hits you but does no damage. The wight barely misses you.
The wight hits you with a +0 battleaxe.
* * * LOW HITPOINT WARNING * * *
You feel drained.
The shadow imp closely misses you. šŸ˜± HP[-2]
You now have 50 max hp (-1).
You take 2 damage, and now have 5/50 hp.
It was a potion of might.
You feel very mighty all of a sudden. You block the necrophage's attack.
The wight hits you from afar with a +0 halberd!
You die...

Skill      XL: |  1  2  3  4  5  6  7 |
---------------+----------------------+-----
Earth Magic    | 4 5 6 7 |  7.4
Invocations    | 2 |  2.2
Conjurations   | 1 |  1.0
Dodging        | |  1.5
Stealth        | |  3.0
Spellcasting   | |  2.0
Transmutations | |  1.0

Action                   |  1- 3 |  4- 6 |  7- 9 || total
-------------------------+-------+-------+-------++-------
Melee: Unarmed           |     1 |       |       ||     1
       Short sword       |    55 |   154 |     4 ||   213
       Punch             |       |     1 |       ||     1
 Cast: Sandblast         |    20 |    24 |     8 ||    52
 Abil: Spit Poison       |     5 |     4 |       ||     9
  Use: Scroll            |     1 |     7 |     1 ||     9
       Potion            |       |     5 |     2 ||     7
 Stab: Sleeping          |     1 |     7 |       ||     8
       Distracted        |       |     1 |       ||     1
Armor: Robe              |    14 |    56 |       ||    70
       Ring mail         |       |       |     6 ||     6
Dodge: Dodged            |    32 |   105 |    12 ||   149
Block: Other             |       |    17 |     5 ||    22

Levels and vault maps discovered:
D:1:      dpeg_arrival_caged_fury, layout_basic, serial_shops, shop,
          minmay_cut_off
D:2:      layout_loops_ring, hellmonk_ecumenical_altar_arch_garden, st_stairs_1,
          minmay_misc_feat_square, nicolae_concentric_dashed_squares_wild
D:3:      layout_basic, mainiacjoe_overflow_big_doors, minmay_misc_feat_five,
          uniq_jessica
D:4:      nicolae_cairo_tiling_large, layout_layer_cave,
          nicolae_vehumet_radiance
D:5:      minmay_angry_zag, layout_basic, temple_fountains
D:7:      minmay_the_grid_four_pointed_star
          [minmay_the_grid_triangle_9x9_limited_checkers,
          minmay_the_grid_triangle_9x9_odd_lines,
          minmay_the_grid_triangle_9x9_dagger,
          minmay_the_grid_triangle_9x9_sprig, minmay_the_grid_prize_trominoes],
          layout_loops_cross, serial_shops, nicolae_take_the_stairs,
          grunt_ministairs_6

Notes
Turn   | Place    | Note
-------+----------+-------------------------------------------
     0 | D:1      | spaghetti the Naga Earth Elementalist began the quest for
                  | the Orb.
     0 | D:1      | Reached XP level 1. HP: 15/15 MP: 3/3
     0 | D:1      | magus.rc [v1.9.6]
     1 | D:1      | Found a runed translucent door.
   133 | D:1      | Found Juhua's Distillery.
   191 | D:1      | Reached XP level 2. HP: 21/22 MP: 3/5
   501 | D:1      | Reached skill level 4 in Earth Magic
   899 | D:1      | Reached XP level 3. HP: 25/28 MP: 6/6
   907 | D:1      | HP: 7/28 [jackal (2)]
   921 | D:1      | HP: 7/28 [frozen (1)]
  1540 | D:2      | Reached XP level 4. HP: 26/36 MP: 7/7
  1946 | D:2      | Found a faded altar of an unknown god.
  1957 | D:2      | You pick up a book of Spatial Translocations and begin
                  | reading...
  1957 | D:2      | You add the spells Blink, Lesser Beckoning and Manifold
                  | Assault to your library.
  1960 | D:2      | Prayed at the altar of an unknown god.
  1960 | D:2      | Became a worshipper of Lugonu the Unformed
  1960 | D:2      | Reached * piety under Lugonu
  1960 | D:2      | Reached ** piety under Lugonu
  2095 | D:2      | HP: 9/36 [jackal (1)]
  2097 | D:2      | Reached skill level 5 in Earth Magic
  2098 | D:2      | HP: 4/36 [jackal (3)]
  3115 | D:3      | Noticed Jessica
  3128 | D:3      | Killed Jessica
  3129 | D:3      | Reached XP level 5. HP: 16/42 MP: 5/8
  3143 | D:3      | Reached skill level 6 in Earth Magic
  3210 | D:3      | Reached XP level 6. HP: 49/49 MP: 9/9
  3336 | D:3      | Found a glowing golden altar of the Shining One.
  3344 | D:3      | Found a hide-covered altar of Uskayaw.
  3692 | D:4      | Found a radiant altar of Vehumet.
  3941 | D:4      | You pick up a book of Displacement and begin reading...
  3941 | D:4      | You add the spells Gell's Gravitas and Teleport Other to
                  | your library.
  4127 | D:4      | Identified the +2 leather armour "Udyulioh" {Harm rElec}
  4692 | D:5      | Entered Level 5 of the Dungeon
  4803 | D:5      | Reached skill level 7 in Earth Magic
  4814 | D:5      | Reached *** piety under Lugonu
  5030 | D:5      | Found a staircase to the Ecumenical Temple.
  5091 | D:5      | Noticed an ice beast
  5104 | D:5      | Killed an ice beast
  5105 | D:5      | Reached skill level 1 in Invocations
  5109 | D:5      | Learned a level 3 spell: Stone Arrow
  5366 | D:5      | You fall into a shaft and drop 2 floors!
  5376 | D:7      | Reached skill level 2 in Invocations
  5376 | D:7      | Reached XP level 7. HP: 47/55 MP: 7/10
  5383 | D:7      | Reached skill level 1 in Conjurations
  5481 | D:7      | HP: 11/51 [wight/+3 flail of freezing (8)]
  5483 | D:7      | HP: 5/51 [wight/+0 battleaxe (2)]
  5484 | D:7      | Slain by a wight

Vanquished Creatures
  An ice beast (D:5)
  A scorpion (D:3)
  2 wights (D:7)
  A bullfrog skeleton (D:5)
  A hound (D:5)
  Jessica (D:3)
  4 gnolls (D:3)
  5 adders
  An ufetubus (D:5)
  A dart slug (D:1)
  7 ball pythons
  7 endoplasms
  7 giant cockroaches
  8 goblins
  2 hobgoblins
  10 jackals
  2 quokkas
  8 bats
  7 frilled lizards
  4 kobolds
  11 rats
91 creatures vanquished.

Table legend:
 A = Non-vault XP
 B = Vault XP
 C = Vault XP percentage of total XP
 D = Non-vault monster count
 E = Vault monster count
 F = Vault count percentage of total count
                 A         B        C        D         E       F
            +---------+---------+-------+---------+---------+-------
      Total |     514 |     194 |  27.4 |      69 |      22 |  24.2
            +---------+---------+-------+---------+---------+-------
        D:1 |      24 |      28 |  53.8 |      14 |      17 |  54.8
        D:2 |      43 |      14 |  24.6 |      19 |       2 |   9.5
        D:3 |     182 |      37 |  16.9 |      23 |       1 |   4.2
        D:4 |      13 |       0 |   0.0 |       7 |       0 |   0.0
        D:5 |     252 |       0 |   0.0 |       6 |       0 |   0.0
        D:7 |       0 |     115 | 100.0 |       0 |       2 | 100.0
            +---------+---------+-------+---------+---------+-------

Illustrated notes

Table legend:
 A = Kills in this place as a percentage of kills in entire the game.
 B = Kills by you in this place as a percentage of kills by you in the entire game.
 C = Kills by friends in this place as a percentage of kills by friends in the entire game.
 D = Other kills in this place as a percentage of other kills in the entire game.
 E = Experience gained in this place as a percentage of experience gained in the entire game.
 F = Experience gained in this place divided by the number of levels of this place that you have seen.
                   A       B       C       D       E      F
               +-------+-------+-------+-------+-------+----------------------
         Total | 100.0 | 100.0 |   N/A |   N/A | 100.0 | 118.0
       Dungeon | 100.0 | 100.0 |   N/A |   N/A | 100.0 | 118.0
               +-------+-------+-------+-------+-------+----------------------

Table legend: (Time is in decaauts)
 A = Elapsed time spent in this place.
 B = Non-inter-level travel time spent in this place.
 C = Inter-level travel time spent in this place.
 D = Time resting spent in this place.
 E = Time spent auto-exploring this place.
 F = Levels seen in this place.
 G = Mean time per level.
                   A        B        C        D        E       F      G
               +--------+--------+--------+--------+--------+-----+--------+
         Total |   6636 |   6504 |    132 |   1038 |   4725 |   6 | 1106.0 |
       Dungeon |   6636 |   6504 |    132 |   1038 |   4725 |   6 | 1106.0 |
               +--------+--------+--------+--------+--------+-----+--------+

Top non-repeatable levels by time:
     D:2: 1589 daAuts
     D:4: 1574 daAuts
     D:1: 1423 daAuts
     D:3: 1204 daAuts
     D:5: 740 daAuts
     D:7: 104 daAuts
